 Dungeon Crawl Stone Soup version 0.28.0 (webtiles) character file.

Game seed: 6373344876023101207

214 hawla the Conjurer (level 5, -1/38 HPs)
             Began as a Draconian Conjurer on Feb 6, 2022.
             Killed from afar by an orc wizard (10 damage)
             ... with a puff of flame
             ... on level 4 of the Dungeon.
             The game lasted 00:06:43 (2828 turns).

hawla the Conjurer (Draconian Conjurer)             Turns: 2828, Time: 00:06:44

Health: -1/38      AC:  6    Str: 10    XL:     5   Next: 59%
Magic:  3/10       EV: 12    Int: 20    God:
Gold:   195        SH:  0    Dex:  9    Spells: 4/11 levels left

rFire   . . .      SeeInvis .   a - +0 rapier
rCold   . . .      Faith    .   (no shield)
rNeg    . . .      Spirit   .   (armour unavailable)
rPois   .          Reflect  .   (helmet restricted)
rElec   .          Harm     .   (no cloak)
rCorr   .          Rampage  .   (no gloves)
Will    .....                   f - +0 pair of boots
Stlth   ++........              (no amulet)
HPRegen 0.12/turn               (no ring)
MPRegen 0.12/turn               (no ring)

@: on berserk cooldown, slowed, very slow
A: AC +5, unfitting armour, cold-blooded
a: no special abilities


You were on level 4 of the Dungeon.
You visited 1 branch of the dungeon, and saw 4 of its levels.

You collected 195 gold pieces.

Inventory:

Hand Weapons
 a - a +0 rapier (weapon)
Armour
 f - a +0 pair of boots (worn)
Jewellery
 d - a ring of fire
Scrolls
 b - 2 scrolls of identify
 e - a scroll of amnesia
Potions
 c - a potion of curing
 h - a potion of heal wounds {unknown}


   Skills:
 - Level 1.7 Dodging
 - Level 1.7 Stealth
 + Level 3.5 Spellcasting
 + Level 5.1 Conjurations
 + Level 2.9 Translocations


You had 4 spell levels left.
You knew the following spells:

 Your Spells              Type           Power      Damage    Failure   Level
a - Magic Dart            Conj           96%        1d7       1%          1
b - Searing Ray           Conj           48%        2d6       2%          2
c - Iskenderun's Mystic   Conj/Tloc      19%        2d6       26%         4

Your spell library contained the following spells:

 Spells                   Type           Power      Damage    Failure   Level
 Dazzling Flash           Conj/Hex       26%        N/A       14%         3
 Fulminant Prism          Conj/Hex       6%         3d7       43%         4


Dungeon Overview and Level Annotations

Branches:
Dungeon (4/15)
 Temple: D:4-7

Altars:
Fedhas

Annotations:
D:4 1 runed translucent door, BubbleThief's ghost, amateur DsNe


Innate Abilities, Weirdness & Mutations

Your plain brown scales are hard. (AC +5)
You cannot fit into any form of body armour.
You are cold-blooded and may be slowed by cold attacks.


Message History

The giant cockroach closely misses you. Something completely misses you.
The hobgoblin hits you but does no damage.
You completely miss the giant cockroach.
The giant cockroach barely misses you.
You hear some strange, mumbled words.
A magic dart appears from out of thin air!
The magic dart hits you!
You hit the giant cockroach. You tail-slap the giant cockroach.
You kill the giant cockroach!
The hobgoblin hits you.
The kobold throws a stone.
The stone barely misses you.
You puncture something! Something barely misses you.
The hobgoblin closely misses you.
The kobold throws a stone.
The stone closely misses you.
You hit something. Something hits you but does no damage.
The hobgoblin barely misses you.
You closely miss something.
Your tail-slap misses something.
Something hits you but does no damage. The hobgoblin barely misses you.
You miss something. The kobold hits you but does no damage. Something hits you.
You barely miss something.
Your tail-slap misses something.
The hobgoblin misses you. The kobold closely misses you.
You closely miss something.
You are no longer berserk.
You are exhausted.
You feel yourself slow down.
You hear some strange, mumbled words.
A magic dart appears from out of thin air!
The magic dart hits you!
* * * LOW HITPOINT WARNING * * *
The hobgoblin hits you.
* * * LOW HITPOINT WARNING * * *
The kobold closely misses you.
Casting: Searing Ray (safe; 2% risk of failure)
Confirm with . or Enter, or press ? or * to list all spells.
You don't have enough magic to cast this spell.
You hear the slow rusting of a very distant drain.
The kobold throws a stone.
The stone hits you but does no damage.
You hear some strange, mumbled words.
A puff of flame appears from out of thin air!
The puff of flame hits you!
You die...

...####+...††........
!..#..........#......
.. #.......#..#......
# #.......#..#..s.#.
#.......#..#....#
#.......+..#.(..#
#.......#..#....#
#########..+....#
...#.@..# #g{..#
#..K.# #)...# ...(..#
..........
.............
<............[.
.....#####.....


You could see a scorpion (wandering), a hobgoblin and a kobold.

Vanquished Creatures
  An ogre (D:4)
  A hound (D:4)
  An orc wizard (D:4)
  2 adders (D:2)
  A worm (D:2)
  A dart slug (D:1)
  An orc (D:4)
  5 endoplasms
  4 giant cockroaches
  2 goblins
  9 hobgoblins
  5 jackals
  4 kobolds
  5 ball pythons
  2 bats (D:2)
  2 frilled lizards
  4 rats
50 creatures vanquished.

Notes
Turn   | Place    | Note
-------+----------+-------------------------------------------
     0 | D:1      | hawla the Draconian Conjurer began the quest for the Orb.
     0 | D:1      | Reached XP level 1. HP: 14/14 MP: 3/3
   184 | D:1      | Reached XP level 2. HP: 19/20 MP: 1/5
   254 | D:1      | Learned a level 2 spell: Searing Ray
   272 | D:1      | Found a faded altar of an unknown god.
   333 | D:1      | Reached skill level 1 in Translocations
   974 | D:2      | Reached XP level 3. HP: 26/26 MP: 1/6
  2393 | D:3      | Found a blossoming altar of Fedhas.
  2728 | D:4      | Reached XP level 4. HP: 33/33 MP: 4/8
  2733 | D:4      | Learned a level 4 spell: Iskenderun's Mystic Blast
  2782 | D:4      | Found a runed translucent door.
  2785 | D:4      | Noticed BubbleThief's ghost (amateur DsNe)
  2799 | D:4      | Noticed a scorpion
  2807 | D:4      | Noticed an ogre
  2817 | D:4      | Killed an ogre
  2818 | D:4      | Reached skill level 5 in Conjurations
  2818 | D:4      | Reached XP level 5. HP: 37/38 MP: 2/10
  2828 | D:4      | Killed from afar by an orc wizard

Illustrated notes

Levels and vault maps discovered:
D:1:      dpeg_arrival_tiny_a, layout_rooms, ebering_ecumenical_altar_box,
          minmay_tetromino_s2
D:2:      layout_basic, kennysheep_generic_room_4
D:3:      layout_basic, mainiacjoe_overflow_24_doors
D:4:      corexii_shantytown, layout_basic, minmay_temple_entry_gardened_gates,
          hellmonk_ghost_happy_afterlife, cheibrodos_sewer_entry_bend,
          chequers_big_river, amcnicky_mini_rare_corridor_liquid,
          minmay_crossroads

Skill      XL: |  1  2  3  4 |
---------------+-------------+-----
Translocations | 1 2 |  2.9
Spellcasting   | 3 |  3.5
Conjurations   | 5 |  5.1
Dodging        | |  1.7
Stealth        | |  1.7

Action                   |  1- 3 |  4- 6 || total
-------------------------+-------+-------++-------
Melee: Unarmed           |     9 |       ||     9
       Tailslap          |     4 |     3 ||     7
       Rapier            |    10 |    18 ||    28
 Cast: Magic Dart        |    22 |     2 ||    24
       Searing Ray       |    24 |     2 ||    26
  Use: Scroll            |     5 |     2 ||     7
       Potion            |       |     1 ||     1
Armor: Skin              |     9 |     9 ||    18
Dodge: Dodged            |    16 |    24 ||    40
